 Dungeon Crawl Stone Soup version 0.25-a0-701-gb30f108f01 (webtiles) character file.

Game seed: 4895713516307834480, levelgen mode: deterministic

2313 Flugslaktarn the Cleaver (level 9, -4/82 HPs)
             Began as a Deep Dwarf Fighter on Apr 3, 2020.
             Slain by Maggie
             ... wielding a +2 war axe of draining
              (7 damage)
             ... on level 8 of the Dungeon.
             The game lasted 00:03:36 (3558 turns).

Flugslaktarn the Cleaver (Deep Dwarf Fighter)       Turns: 3558, Time: 00:03:36

Health: -4/82      AC: 12    Str: 24    XL:     9   Next: 18%
Magic:  3/3        EV:  4    Int:  8    God:
Gold:   94         SH: 10    Dex: 12    Spells: 8/8 levels left

rFire    . . .     SeeInvis .   a - +1 war axe
rCold    . . .     Gourm    .   c - +1 kite shield
rNeg     . . .     Faith    .   A - +0 plate armour
rPois    .         Spirit   .   s - +2 hat
rElec    .         Reflect  .   (no cloak)
rCorr    .         Harm     +   (no gloves)
MR       +....                  (no boots)
Stlth    ..........             C - amulet of harm
HPRegen  0.00/turn              (no ring)
MPRegen  0.08/turn              (no ring)

@: non-regenerating, very heavily drained
A: damage resistance, heal wounds, sense surroundings 2, no regeneration
a: Heal Wounds


You were on level 8 of the Dungeon.
You were hungry.

You visited 2 branches of the dungeon, and saw 9 of its levels.
You also visited: Ossuary.

You collected 220 gold pieces.
You spent 126 gold pieces at shops.

Inventory:

Hand Weapons
 a - a +1 war axe (weapon)
Missiles
 p - 2 throwing nets (quivered)
Armour
 c - a +1 kite shield (worn)
 s - a +2 hat (worn)
   (You found it on level 4 of the Dungeon)
 A - a +0 plate armour (worn)
   (You found it on level 5 of the Dungeon)
Jewellery
 g - an uncursed amulet of the acrobat
   (You found it on level 4 of the Dungeon)
 C - an amulet of harm (around neck)
   (You found it on level 6 of the Dungeon)
Wands
 z - a wand of clouds (5)
   (You found it on level 5 of the Dungeon)
Scrolls
 f - 4 scrolls of magic mapping
 j - a scroll of enchant weapon
 n - 2 scrolls of immolation {unknown}
 q - a scroll of enchant armour
 r - 3 scrolls of identify
 t - 3 scrolls of teleportation
 u - 5 scrolls of fear
 v - a scroll of brand weapon {unknown}
 x - 6 scrolls of remove curse
 y - a scroll of noise {unknown}
 B - 2 scrolls of blinking {unknown}
Potions
 b - a potion of berserk rage
 d - a potion of might
 h - 2 potions of mutation
 i - 2 potions of cancellation {unknown}
 k - 5 potions of curing
 l - 4 potions of heal wounds
 m - a potion of brilliance
 w - a potion of flight
Comestibles
 e - 9 rations


   Skills:
 + Level 5.7(1.0) Fighting
 * Level 8.8(3.8) Axes
 + Level 6.8(1.9) Armour
 + Level 6.8(2.0) Shields


You had 8 spell levels left.
You didn't know any spells.
Your spell library was empty.

Dungeon Overview and Level Annotations

Branches:
Dungeon (8/15)             Temple (1/1) D:6         Ossuary (visited)
   Lair: D:8-11

Altars:
Ashenzari
Cheibriados
Dithmenos
Elyvilon
Fedhas
Gozag
Hepliaklqana
Kikubaaqudgha
Nemelex Xobeh
Okawaru
Qazlal
Ru
Trog
Uskayaw
Vehumet
Wu Jian
Xom
Yredelemnul
Zin
The Shining One

Shops:
D:6 (**}

Annotations:
D:8 Maggie


Innate Abilities, Weirdness & Mutations

You are resistant to damage.
You can heal yourself by infusing magical energy.
You passively map the area around you.
You do not regenerate.


Message History

* * * LOW HITPOINT WARNING * * *
Maggie hits you with a +2 war axe of draining!
* * * LOW HITPOINT WARNING * * *
You feel drained.
You are too injured to fight recklessly!
You are too injured to fight recklessly!
You are too injured to fight recklessly!
You are too injured to fight recklessly!
You are too injured to fight recklessly!
You are too injured to fight recklessly!
You are too injured to fight recklessly!
You are too injured to fight recklessly!
You are too injured to fight recklessly!
You are too injured to fight recklessly!
You are too injured to fight recklessly!
You are too injured to fight recklessly!
You hit Maggie.
Maggie is almost dead.
Maggie hits you with a +2 war axe of draining!
You die...

, * *, #. #*
#> . ,+ #.
*.# * * #. .#
* ,
##.##.#####
** * *
##..........
#...........
, *
#...@@......,
,
#..†.†......
,,
#...=.......
,,,
#...$.......
,
#...........
#...........
,,,
#.........[.
,,,
#...........
, *, , ,, , *


You could see Maggie.

Vanquished Creatures
  Grinder (D:6)
  A sky beast (D:7)
  A black bear (D:8)
  An ice beast (D:6)
  2 ogres
  A phantom (D:7)
  A big kobold (D:6)
  Blork the orc (D:6)
  6 bullfrogs
  A scorpion (D:8)
  3 killer bees (D:7)
  2 howler monkeys
  2 bullfrog zombies
  3 crimson imps
  An orc priest (D:6)
  A bullfrog skeleton (D:4)
  A jelly (D:7)
  3 hounds (D:5)
  A gnoll shaman (D:4)
  An iguana (D:8)
  An orc wizard (D:6)
  2 worker ants (D:4)
  A hound zombie (D:5)
  13 mummies (Ossuary)
  3 adders
  4 gnolls
  An adder skeleton (D:6)
  3 worms
  A dart slug (D:2)
  3 leopard geckos
  12 orcs
  A ball python (D:5)
  4 giant cockroaches
  A goblin (D:3)
  A hobgoblin (D:2)
  6 jackals (D:1)
  12 kobolds
  7 quokkas
  2 bats (D:2)
  2 frilled lizards (D:4)
  3 gnoll skeletons (Ossuary)
  A goblin skeleton (Ossuary)
  A kobold skeleton (Ossuary)
  A leopard gecko zombie (D:5)
  3 orc skeletons (Ossuary)
  2 quokka skeletons
  A quokka zombie (D:6)
  3 rats
  11 rat skeletons (Ossuary)
  A rat zombie (D:6)
141 creatures vanquished.

Vanquished Creatures (others)
  A kobold (D:6)
1 creature vanquished.

Grand Total: 142 creatures vanquished

Notes
Turn   | Place    | Note
-------+----------+-------------------------------------------
     0 | D:1      | Flugslaktarn the Deep Dwarf Fighter began the quest for the
                  | Orb.
     0 | D:1      | Reached XP level 1. HP: 20/20 MP: 1/1
    74 | D:1      | Reached XP level 2. HP: 22/27 MP: 2/2
   149 | D:2      | Reached skill level 3 in Axes
   149 | D:2      | Reached XP level 3. HP: 28/33 MP: 3/3
   469 | D:4      | Reached XP level 4. HP: 21/42 MP: 4/4
   637 | D:4      | Reached skill level 4 in Axes
   637 | D:4      | Reached XP level 5. HP: 32/49 MP: 5/5
   661 | D:4      | Found a sparkling altar of Nemelex Xobeh.
   796 | D:4      | Noticed an ogre
   804 | D:4      | Killed an ogre
   823 | D:4      | Reached XP level 6. HP: 53/56 MP: 6/6
   980 | D:5      | Entered Level 5 of the Dungeon
  1012 | D:5      | Reached skill level 5 in Axes
  1372 | D:5      | You fall into a shaft and drop 1 floor!
  1382 | D:6      | Reached XP level 7. HP: 49/64 MP: 7/7
  1398 | D:6      | Noticed Grinder
  1401 | D:6      | Reached skill level 5 in Armour
  1401 | D:6      | Reached skill level 5 in Shields
  1405 | D:6      | Reached skill level 6 in Axes
  1416 | D:6      | Paralysed by Grinder for 6 turns
  1430 | D:6      | Paralysed by Grinder for 4 turns
  1438 | D:6      | Paralysed by Grinder for 5 turns
  1456 | D:6      | Killed Grinder
  1473 | D:6      | Found a sand-covered staircase.
  1482 | Ossuary  | Entered an ossuary
  1657 | Ossuary  | Reached XP level 8. HP: 51/73 MP: 6/6
  1891 | D:6      | Found a staircase to the Ecumenical Temple.
  1894 | D:6      | Reached skill level 7 in Axes
  1904 | Temple   | Entered the Ecumenical Temple
  2156 | D:6      | Found Opell's General Store.
  2265 | D:6      | Noticed Blork the orc
  2283 | D:6      | Killed Blork the orc
  2306 | D:6      | Found Gorchiuzo's Gadget Shoppe.
  2360 | D:6      | Bought a potion of heal wounds for 60 gold pieces
  2419 | D:6      | Reached skill level 5 in Fighting
  2457 | D:6      | Found a white marble altar of Elyvilon.
  2670 | D:6      | Found Yharomp's Assorted Antiques.
  2678 | D:6      | Bought a scroll of fear for 66 gold pieces
  2771 | D:6      | Found Resug's Antique Weapon Shop.
  2886 | D:6      | Reached skill level 8 in Axes
  3010 | D:7      | Found a sparkling altar of Nemelex Xobeh.
  3084 | D:7      | Gained mutation: You passively map the area around you.
                  | [Deep Dwarf growth]
  3084 | D:7      | Reached XP level 9. HP: 50/81 MP: 4/4
  3522 | D:8      | Noticed Maggie
  3557 | D:8      | HP: 3/82 [Maggie/+2 war axe of draining (5)]
  3558 | D:8      | Slain by Maggie

Levels and vault maps discovered:
D:1:      giann_forest_graveyard, layout_basic
D:2:      layout_basic
D:3:      layout_basic
D:4:      layout_rooms, nemelex_lonely_heart_becter
D:5:      layout_cave_pools, first_ration, chequers_serial_rivers_small_a,
          cheibrodos_gnoll_hut
D:6:      kennysheep_kobold_camp, layout_layer_cave, lemuel_doored_altar,
          minmay_temple_entry_waves, serial_shops, nicolae_shop_statue_plus,
          shop, shop_fountains, shop, enter_ossuary_4, st_stairs_11,
          minmay_unpleasant_kobolds, uniq_grinder, uniq_blork_the_orc
D:7:      layout_basic, nicolae_overflow_hidden_temple
D:8:      layout_basic, old_standard_altar, lemuel_round_altar, uniq_maggie,
          uniq_psyche
Temple:   dpeg_five_rooms_temple

Skill      XL: |  1  2  3  4  5  6  7  8 |
---------------+-------------------------+-----
Axes           | 3 4 5 6 8 |  8.8
Fighting       | 3 4 5 |  5.7
Armour         | 4 5 6 |  6.8
Shields        | 4 5 6 |  6.8

Action                   |  1- 3 |  4- 6 |  7- 9 || total
-------------------------+-------+-------+-------++-------
Melee: War axe           |   101 |   130 |   347 ||   578
 Abil: Heal Wounds       |     4 |     4 |    11 ||    19
  Use: Scroll            |       |       |    13 ||    13
  Eat: Chunk             |       |     2 |     4 ||     6
       Ration            |       |       |     1 ||     1
Armor: Scale mail        |    47 |     9 |       ||    56
       Chain mail        |       |    50 |       ||    50
       Plate armour      |       |    19 |   154 ||   173
Dodge: Dodged            |    44 |    40 |    48 ||   132
Block: Kite shield       |    77 |    82 |   180 ||   339

Table legend:
 A = Non-vault XP
 B = Vault XP
 C = Vault XP percentage of total XP
 D = Non-vault monster count
 E = Vault monster count
 F = Vault count percentage of total count
                 A         B        C        D         E       F
            +---------+---------+-------+---------+---------+-------
      Total |    2335 |     970 |  29.3 |      89 |      51 |  36.4
            +---------+---------+-------+---------+---------+-------
        D:1 |      20 |       0 |   0.0 |      10 |       0 |   0.0
        D:2 |      32 |       0 |   0.0 |       9 |       0 |   0.0
        D:3 |      10 |       0 |   0.0 |       4 |       0 |   0.0
        D:4 |     342 |       0 |   0.0 |      19 |       0 |   0.0
        D:5 |     219 |      97 |  30.7 |      11 |       3 |  21.4
        D:6 |     791 |     627 |  44.2 |      22 |      17 |  43.6
        D:7 |     631 |       0 |   0.0 |      10 |       0 |   0.0
        D:8 |     290 |       0 |   0.0 |       4 |       0 |   0.0
    Ossuary |       0 |     246 | 100.0 |       0 |      31 | 100.0
            +---------+---------+-------+---------+---------+-------
